 Dungeon Crawl Stone Soup version 0.30.0-29-ga12c61a403 (webtiles) character file.

Game seed: 17639770475167507260

34 booth the Conjurer (level 3, -2/28 HPs)
             Began as a Demonspawn Reaver on June 23, 2023.
             Slain by a jackal (3 damage)
             ... on level 2 of the Dungeon.
             The game lasted 00:07:57 (813 turns).

booth the Conjurer (Demonspawn Reaver)               Turns: 813, Time: 00:07:58

Health: -2/28      AC:  3    Str: 14    XL:     3   Next: 14%
Magic:  6/6        EV: 11    Int: 14    God:
Gold:   43         SH:  0    Dex: 11    Spells: 0/6 levels left

rFire   . . .        f - +0 short sword (speed)
rCold   . . .        (no shield)
rNeg    . . .        b - +0 leather armour
rPois   .            (no helmet)
rElec   .            (no cloak)
rCorr   .            (no gloves)
SInv    +            (no boots)
Will    .....        (no amulet)
Stlth   +            h - ring of see invisible
HPRegen 0.24/turn    (no ring)
MPRegen 0.10/turn

%: no passive effects
@: no status effects
A: ignite blood 2
a: no special abilities


You were on level 2 of the Dungeon.
You visited 1 branch of the dungeon, and saw 2 of its levels.

You collected 43 gold pieces.

Inventory:

Hand Weapons
 a - a +0 hand axe
 f - a +0 short sword of speed (weapon)
Armour
 b - a +0 leather armour (worn)
Jewellery
 h - a ring of see invisible (left hand)
Potions
 d - a potion of flight
 g - a potion of brilliance {unknown}
 i - a potion of attraction {unknown}


   Skills:
 + Level 2.4 Fighting
 + Level 2.9 Axes
 + Level 2.1 Dodging
 + Level 2.3 Spellcasting
 + Level 3.2 Conjurations


You couldn't memorise any spells.
You knew the following spells:

 Your Spells              Type           Power      Damage    Failure   Level
a - Kiss of Death         Conj/Necr      24%        2d7       16%         1
b - Momentum Strike       Conj/Tloc      12%        3d8       22%         2
c - Hailstorm             Conj/Ice       6%         3d4       41%         3

Your spell library contained the following spells:

 Spells                   Type           Power      Damage    Failure   Level


Dungeon Overview and Level Annotations

Branches:
Dungeon (2/15)

Altars:
Qazlal


Innate Abilities, Weirdness & Mutations

Your demonic aura often causes spilled blood to erupt in flames.


Message History

The jackal bites you but does no damage.
You hit the jackal but do no damage.
The jackal is moderately wounded.
You hit the jackal but do no damage. The jackal bites you.
The jackal barely misses you. The jackal closely misses you.
You hit the jackal but do no damage.
The jackal is moderately wounded.
You hit the jackal.
You kill the jackal!
The jackal barely misses you.
You barely miss the jackal.
The jackal is moderately wounded.
You barely miss the jackal.
The jackal bites you but does no damage. x3
The jackal closely misses you.
You barely miss the jackal. You hit the jackal but do no damage.
The jackal bites you. The jackal misses you.
Your hands tingle!
f - a +0 short sword of speed (weapon)
The jackal bites you but does no damage.
The jackal closely misses you. The jackal attacks as you move away!
The jackal barely misses you.
You closely miss the jackal. You hit the jackal but do no damage.
The jackal bites you.
The jackal bites you but does no damage.
You hit the jackal.
You kill the jackal!
The jackal barely misses you. The jackal bites you.
The kobold barely misses you. The jackal barely misses you.
You see here a jackal corpse.
You barely miss the kobold. The kobold misses you. The jackal misses you.
You barely miss the kobold.
The kobold hits you with the +10 war axe "Spiderslayer" {flame, +Blink Dex+9}!
Ouch! That really hurt!
* * * LOW HITPOINT WARNING * * *
The kobold burns you.
* * * LOW HITPOINT WARNING * * *
The jackal bites you.
You die...

......###.##### .#
#####.# #.#...# .#
J..##.#...###.# #
##..##.........#.#
#..##..........h
#.............#
#.#####...#.###
#.....K# ##.###@##
#.># #.h#
....#......#
.##.........# #
##.#..._..#
#........#
###......#
#.##.### #. .#


You could see a jackal and a kobold.

Vanquished Creatures
  3 endoplasms
  2 giant cockroaches (D:1)
  3 goblins (D:1)
  4 hobgoblins (D:1)
  2 jackals (D:2)
  5 kobolds (D:1)
  5 bats (D:1)
  4 frilled lizards (D:1)
  4 rats (D:1)
32 creatures vanquished.

Notes
Turn   | Place    | Note
-------+----------+-------------------------------------------
     0 | D:1      | booth the Demonspawn Reaver began the quest for the Orb.
     0 | D:1      | Reached XP level 1. HP: 16/16 MP: 3/3
   186 | D:1      | Gained mutation: Your demonic aura sometimes causes spilled
                  | blood to erupt in flames. [demonic ancestry]
   186 | D:1      | Reached XP level 2. HP: 22/22 MP: 5/5
   216 | D:1      | Learned a level 2 spell: Momentum Strike
   575 | D:1      | Gained mutation: Your demonic aura often causes spilled
                  | blood to erupt in flames. [demonic ancestry]
   575 | D:1      | Reached XP level 3. HP: 28/28 MP: 6/6
   579 | D:1      | Learned a level 3 spell: Hailstorm
   796 | D:2      | Found a stormy altar of Qazlal.
   798 | D:2      | Identified the +10 war axe "Spiderslayer" {flame, +Blink
                  | Dex+9}
   813 | D:2      | HP: 1/28 [kobold/the +10 war axe "Spiderslayer" {flame,
                  | +Blink Dex+9} (4)]
   813 | D:2      | Slain by a jackal

Illustrated notes

Levels and vault maps discovered:
D:1:      dpeg_arrival_arbitrary_b, layout_rooms
D:2:      layout_loops_ring, basic_altar, amcnicky_mini_pool_small

Skill      XL: |  1  2 |
---------------+-------+-----
Dodging        | 2 |  2.1
Fighting       | |  2.4
Axes           | |  2.9
Spellcasting   | |  2.3
Conjurations   | |  3.2

Action                     || total
---------------------------++-------
  Melee: Hand axe          ||    65
         Short sword       ||    58
         Punch             ||     1
    Use: Scroll            ||     2
         Potion            ||     1
 Armour: Leather armour    ||    39
  Dodge: Dodged            ||    90
